 Dungeon Crawl Stone Soup version 0.25-a0-458-g6fc7858b95 (webtiles) character file.

Game seed: 5634836273379856051, levelgen mode: deterministic

14673 LairdRich the Cleaver (level 11, -2/99 HPs)
             Began as a Minotaur Berserker on Feb 3, 2020.
             Was an Elder of Trog.
             Slain by a nine-headed hydra (8 damage)
             ... on level 4 of the Lair of Beasts.
             The game lasted 00:53:23 (16351 turns).

LairdRich the Cleaver (Minotaur Berserker)         Turns: 16351, Time: 00:53:24

Health: -2/99      AC: 19    Str: 25    XL:     11   Next: 91%
Magic:  13/13      EV: 10    Int:  4    God:    Trog [****..]
Gold:   776        SH: 14    Dex: 10    Spells: 10/10 levels left

rFire    . . .     SeeInvis +   n - +5 hand axe (vorpal)
rCold    + . .     Gourm    .   y - +2 shield
rNeg     . . .     Faith    .   k - +0 plate armour
rPois    .         Spirit   .   (helmet restricted)
rElec    .         Reflect  .   s - +1 cloak
rCorr    .         Harm     .   C - +1 pair of gloves
MR       .....                  (no boots)
Stlth    ..........             (no amulet)
HPRegen  0.26/turn              B - ring of see invisible
MPRegen  0.13/turn              D - ring of protection from cold

@: no status effects
A: retaliatory headbutt, horns 2
a: Berserk, Trog's Hand, Brothers in Arms, Renounce Religion


You were on level 4 of the Lair of Beasts.
You worshipped Trog.
Trog was greatly pleased with you.
You were not hungry.

You visited 2 branches of the dungeon, and saw 13 of its levels.
You also visited: Sewer.

You collected 776 gold pieces.

Inventory:

Hand Weapons
 n - a +5 vorpal hand axe (weapon)
Armour
 k - a +0 plate armour (worn)
 s - a +1 cloak (worn)
 y - a +2 shield (worn)
 C - a +1 pair of gloves (worn)
Jewellery
 j - an uncursed ring of protection from magic
 A - an uncursed ring of positive energy
 B - a ring of see invisible (left hand)
 D - a ring of protection from cold (right hand)
Wands
 l - a wand of polymorph (5)
 F - a wand of enslavement (5)
Scrolls
 d - 6 scrolls of identify
 f - 2 scrolls of magic mapping
 i - 6 scrolls of remove curse
 o - a scroll of acquirement {unknown}
 p - 3 scrolls of fog
 v - a scroll of enchant weapon
 w - a scroll of enchant armour
 z - 2 scrolls of blinking
Potions
 b - 2 potions of invisibility
 e - 6 potions of curing
 g - 3 potions of brilliance
 q - 6 potions of flight
 r - 2 potions of heal wounds
 t - 3 potions of haste
 u - a potion of ambrosia
 G - 2 potions of might
Miscellaneous
 x - a phial of floods
Comestibles
 c - 15 rations


   Skills:
 - Level 10.1 Fighting
 + Level 11.1 Axes
 - Level 10.0 Armour
 - Level 10.0 Dodging
 + Level 9.5 Shields
 - Level 5.0 Evocations


You had 10 spell levels left.
You didn't know any spells.
Your spell library was empty.

Dungeon Overview and Level Annotations

Branches:
Dungeon (9/15)             Temple (0/1) D:4            Lair (4/6) D:9
  Swamp (0/4) Lair:3        Snake (0/4) Lair:4        Sewer (visited)
    Orc: D:9-12

Altars:
Ashenzari
Fedhas
Gozag
Okawaru
Vehumet
Xom

Shops:
D:8 (

Annotations:
D:6 exclusion: downstairs
D:9 2 transporters, Xinkuin's ghost, journeyman FoFi


Innate Abilities, Weirdness & Mutations

You reflexively headbutt those who attack you in melee.
You have a pair of horns on your head.


Message History

Aim: a nine-headed hydra (chance to defeat MR: 26%)
The nine-headed hydra easily resists.
You block the nine-headed hydra's attack.
The nine-headed hydra bites you but does no damage. x2
You block the nine-headed hydra's attack. x2
The nine-headed hydra bites you.
* * * LOW HITPOINT WARNING * * *
You block the nine-headed hydra's attack.
The nine-headed hydra barely misses you.
The nine-headed hydra bites you!
* * * LOW HITPOINT WARNING * * *
Evoke which item? (* to show all) (? for menu, Esc to quit)
Aiming: Enslavement
Press: ? - help, Shift-Dir - straight line, f/p - nine-headed hydra
Aim: a nine-headed hydra (chance to defeat MR: 26%)
The nine-headed hydra easily resists.
The nine-headed hydra bites you but does no damage.
You block the nine-headed hydra's attack.
The nine-headed hydra bites you!
You die...

.. ..## ## ....
. ..##
##.#..... .
##..## #P...(.#
. ##..#.##
##..# #
##P.....##
#####..##
###...#....##
#.##..##
#P..####.#..###
##..### ....#
###.#..###..##
.##.#
#.#.#...@D##
.####
######P...# ##
##.### #..##
#..P# ##.##
###..# #...##
########...##


You could see a nine-headed hydra.

Vanquished Creatures
  A stone giant (Lair:3)
  2 hydras
  2 two-headed ogres
  5 elephants
  Joseph (D:8)
  3 black mambas
  3 komodo dragons
  A troll (D:9)
  3 blink frogs
  5 hippogriffs
  6 yaks
  A naga (Lair:4)
  2 insubstantial wisps (Lair:3)
  2 water moccasins
  4 orc warriors
  4 ice beasts
  A black bear (D:7)
  2 sky beasts
  A phantom (D:4)
  4 ogres
  A necrophage (D:8)
  3 wolves (Lair:3)
  3 centaurs
  A crocodile (Lair:3)
  A big kobold (Sewer)
  7 bullfrogs
  A gnoll sergeant (D:7)
  A scorpion (D:9)
  A howler monkey (D:8)
  2 electric eels (D:7)
  2 crimson imps
  2 bullfrog zombies
  2 centaur skeletons
  4 hounds
  4 orc priests
  4 jellies
  3 bullfrog skeletons
  2 iguanas (D:8)
  Terence (D:2)
  4 orc wizards
  5 worker ants
  Ijyb (D:3)
  4 hell rats (Lair:3)
  A hound skeleton (D:5)
  A worker ant zombie (D:5)
  10 adders
  9 gnolls
  3 shadow imps
  An ooze (D:1)
  2 adder skeletons (D:9)
  2 worms (D:3)
  3 dart slugs
  5 leopard geckos
  38 orcs
  8 giant cockroaches
  7 hobgoblins
  14 jackals
  7 quokkas
  2 ball pythons
  7 bats
  6 frilled lizards
  A giant cockroach zombie (D:5)
  6 goblins
  A jackal skeleton (D:6)
  7 kobolds
  A leopard gecko skeleton (D:5)
  A quokka skeleton (D:7)
  10 rats
265 creatures vanquished.

Vanquished Creatures (others)
  A fungus (Lair:4)
1 creature vanquished.

Grand Total: 266 creatures vanquished

Notes
Turn   | Place    | Note
-------+----------+-------------------------------------------
     0 | D:1      | LairdRich the Minotaur Berserker began the quest for the
                  | Orb.
     0 | D:1      | Reached XP level 1. HP: 19/19 MP: 0/0
   142 | D:1      | Reached XP level 2. HP: 25/27 MP: 1/1
   943 | D:1      | Reached skill level 4 in Axes
   954 | D:2      | Reached XP level 3. HP: 33/33 MP: 2/2
  1012 | D:2      | Found an opulent altar of Gozag.
  1060 | D:2      | Noticed Terence
  1071 | D:2      | Killed Terence
  1182 | D:2      | You fall into a shaft and drop 1 floor!
  1215 | D:3      | Reached ** piety under Trog
  1280 | D:3      | Noticed Ijyb
  1285 | D:3      | Reached XP level 4. HP: 41/41 MP: 3/3
  1289 | D:3      | Killed Ijyb
  1599 | D:2      | Reached XP level 5. HP: 47/47 MP: 4/4
  1690 | D:2      | You fall into a shaft and drop 2 floors!
  2555 | D:4      | Found a shimmering altar of Xom.
  2815 | D:4      | Noticed a phantom
  2840 | D:4      | Killed a phantom
  2840 | D:4      | Reached *** piety under Trog
  2840 | D:4      | Reached skill level 5 in Fighting
  2840 | D:4      | Reached skill level 5 in Axes
  2840 | D:4      | Reached XP level 6. HP: 46/56 MP: 5/5
  3281 | D:4      | Found a staircase to the Ecumenical Temple.
  3498 | D:5      | Entered Level 5 of the Dungeon
  3728 | D:5      | Reached skill level 1 in Evocations
  3789 | D:5      | Found a shattered altar of Ashenzari.
  3790 | D:5      | Noticed a sky beast
  3799 | D:5      | Killed a sky beast
  3799 | D:5      | Reached XP level 7. HP: 61/61 MP: 5/7
  3888 | D:5      | Reached skill level 5 in Armour
  4228 | D:5      | Found a blossoming altar of Fedhas.
  4536 | D:5      | Reached skill level 6 in Axes
  4536 | D:5      | Reached skill level 1 in Shields
  4648 | D:5      | Found an iron altar of Okawaru.
  4784 | D:6      | Reached skill level 5 in Dodging
  4798 | D:6      | Found a glowing drain.
  4836 | Sewer    | Entered a sewer
  5022 | Sewer    | Reached XP level 8. HP: 70/70 MP: 8/8
  5093 | Sewer    | Found a white marble altar of Elyvilon.
  6734 | D:7      | Reached **** piety under Trog
  7072 | D:7      | Reached skill level 7 in Axes
  8545 | D:7      | Reached XP level 9. HP: 75/79 MP: 10/10
  8741 | D:8      | Found a flagged portal.
  8751 | D:8      | Found a radiant altar of Vehumet.
  8944 | D:8      | Found Hoocow's Antique Weapon Boutique.
  9063 | D:8      | Noticed a two-headed ogre
  9084 | D:8      | Killed a two-headed ogre
  9084 | D:8      | Reached skill level 8 in Axes
  9084 | D:8      | Reached skill level 5 in Shields
  9351 | D:8      | Noticed Joseph
  9376 | D:8      | Killed Joseph
  9853 | D:8      | Reached XP level 10. HP: 77/88 MP: 12/12
 10116 | D:8      | Reached ***** piety under Trog
 10116 | D:8      | Received a gift from Trog
 10699 | D:8      | Found Hoocow's Antique Weapon Boutique.
 10724 | D:8      | Found a radiant altar of Vehumet.
 11758 | D:9      | Found a transporter.
 11758 | D:9      | Noticed Xinkuin's ghost (journeyman FoFi)
 11822 | D:9      | Reached skill level 5 in Evocations
 11847 | D:9      | Found a transporter.
 12144 | D:9      | Noticed a two-headed ogre
 12149 | D:9      | Killed a two-headed ogre
 12277 | D:9      | Found a staircase to the Lair.
 12297 | Lair:1   | Entered Level 1 of the Lair of Beasts
 12354 | Lair:1   | Reached skill level 9 in Axes
 12606 | Lair:1   | Noticed a seven-headed hydra
 12630 | Lair:1   | Killed a 19-headed hydra
 13501 | Lair:2   | Noticed a black mamba
 13514 | Lair:2   | Killed a black mamba
 13592 | Lair:2   | Reached XP level 11. HP: 73/97 MP: 13/13
 13815 | Lair:2   | You fall into a shaft and drop 1 floor!
 14230 | Lair:3   | Reached skill level 10 in Axes
 14331 | Lair:3   | Found a staircase to the Swamp.
 14557 | Lair:3   | Noticed an eight-headed hydra
 14562 | Lair:3   | Noticed a stone giant
 14562 | Lair:3   | an eight-headed hydra changed into a stone giant
 14576 | Lair:3   | Killed a stone giant
 14576 | Lair:3   | Reached skill level 10 in Fighting
 14717 | Lair:3   | Noticed an eight-headed hydra
 14724 | Lair:3   | Killed an 11-headed hydra
 14728 | Lair:3   | Reached skill level 10 in Armour
 15092 | Lair:3   | Found a staircase to the Swamp.
 16131 | Lair:4   | Reached skill level 11 in Axes
 16133 | Lair:4   | Reached skill level 10 in Dodging
 16299 | Lair:4   | Found a staircase to the Snake Pit.
 16300 | Lair:4   | Noticed an eight-headed hydra
 16351 | Lair:4   | Slain by a nine-headed hydra

Levels and vault maps discovered:
D:1:      mrwooster_arrival_arrow, layout_basic
D:2:      layout_basic, nicolae_gozag_seed_capital, uniq_terence
D:3:      layout_rooms, serial_curves, eino_curves_01, eino_curves_01,
          eino_curves_02, uniq_ijyb
D:4:      layout_cave_pods, nicolae_overflow_crystal_walls,
          minmay_temple_entry_hall, first_ration
D:5:      layout_cave_pools, fedhas_altar_2, grunt_temple_overflow_open,
          serial_undead, serial_undead_e, serial_undead_f, serial_undead_e,
          serial_undead_c
D:6:      layout_loops_ring, gup_sewer_entry_glass
D:7:      cheibrodos_helix_gallery, layout_rooms, grunt_ogre_cave,
          serial_bayou_ford_a
D:8:      layout_basic, old_standard_altar, serial_shops, shop, enter_bailey_1,
          special_room [special_room_orc], kennysheep_generic_room_5,
          uniq_joseph
D:9:      layout_roguey, lair_entry_dummy, orc_0_dummy,
          gammafunk_ghost_mausoleum
Lair:1:   layout_chaotic_city
Lair:2:   layout_concentric_octagons, lemuel_fruit_tree
Lair:3:   layout_misc_corridors, minmay_swamp_entry_wisps, beast_lair_carwin_4,
          grunt_megastairs_4, serial_bayou_shore_a
Lair:4:   cheibrodos_lair_river_kwai, layout_cave_pods,
          guppyfry_snake_entry_garden, basic_altar

Skill      XL: |  1  2  3  4  5  6  7  8  9 10 11 |
---------------+----------------------------------+-----
Fighting       | 4 5 6 7 8 9 10 | 10.1
Axes           | 4 5 6 7 8 9 11 | 11.1
Armour         | 3 4 5 6 7 9 10 | 10.0
Dodging        | 3 4 5 6 7 8 10 | 10.0
Evocations     | 1 2 3 4 5 |  5.0
Shields        | 1 4 5 7 9 |  9.5

Action                   |  1- 3 |  4- 6 |  7- 9 | 10-12 || total
-------------------------+-------+-------+-------+-------++-------
Melee: Hand axe          |    70 |   125 |   247 |   310 ||   752
       Headbutt          |    10 |    24 |    88 |    77 ||   199
       War axe           |       |       |   136 |    17 ||   153
Invok: Berserk           |     1 |       |     3 |     2 ||     6
       Trog's Hand       |     1 |       |     1 |       ||     2
Evoke: Wand              |       |       |     5 |    13 ||    18
       Box of beasts     |       |       |       |     1 ||     1
  Use: Scroll            |       |     9 |     3 |    17 ||    29
       Potion            |       |       |       |     1 ||     1
 Stab: Paralysed         |       |       |     8 |    33 ||    41
  Eat: Chunk             |     1 |     9 |    12 |     9 ||    31
       Ration            |       |       |     3 |     4 ||     7
Armor: Animal skin       |     6 |       |       |       ||     6
       Acid dragon scale |     6 |    32 |       |       ||    38
       Plate armour      |       |    22 |   160 |   183 ||   365
Dodge: Dodged            |    45 |    67 |    72 |   115 ||   299
Block: Shield            |       |       |   204 |   241 ||   445

Table legend:
 A = Non-vault XP
 B = Vault XP
 C = Vault XP percentage of total XP
 D = Non-vault monster count
 E = Vault monster count
 F = Vault count percentage of total count
                 A         B        C        D         E       F
            +---------+---------+-------+---------+---------+-------
      Total |   15717 |    5245 |  25.0 |     200 |      65 |  24.5
            +---------+---------+-------+---------+---------+-------
        D:1 |      39 |       0 |   0.0 |      20 |       0 |   0.0
        D:2 |      44 |      36 |  45.0 |      18 |       1 |   5.3
        D:3 |      77 |      35 |  31.2 |      18 |       1 |   5.3
        D:4 |     252 |       0 |   0.0 |      15 |       0 |   0.0
        D:5 |     595 |     146 |  19.7 |      17 |       4 |  19.0
        D:6 |     364 |      56 |  13.3 |      11 |       6 |  35.3
        D:7 |     965 |     287 |  22.9 |      29 |       3 |   9.4
        D:8 |    1567 |    1768 |  53.0 |      28 |      28 |  50.0
        D:9 |    1843 |       0 |   0.0 |      12 |       0 |   0.0
     Lair:1 |    1516 |       0 |   0.0 |       3 |       0 |   0.0
     Lair:2 |    2035 |       0 |   0.0 |       9 |       0 |   0.0
     Lair:3 |    4151 |    2642 |  38.9 |      15 |       9 |  37.5
     Lair:4 |    2269 |     163 |   6.7 |       5 |       1 |  16.7
      Sewer |       0 |     112 | 100.0 |       0 |      12 | 100.0
            +---------+---------+-------+---------+---------+-------
